 Dungeon Crawl Stone Soup version 0.31-a0-799-g6bc09d010c (webtiles) character file.

Game seed: 3695033337042572979

87151 jt the Warrior (level 15, -11/202 HPs)
             Began as an Ogre Shapeshifter on Sept 19, 2023.
             Was an Elder of Elyvilon.
             Killed from afar by a bog body (37 damage)
             ... with a bolt of cold
             ... on level 1 of the Swamp.
             The game lasted 01:28:16 (31154 turns).

jt the Warrior (Ogre Shapeshifter)                 Turns: 31154, Time: 01:28:16

Health: -11/202    AC: 15    Str: 27    XL:     15   Next: 89%
Magic:  2/25       EV: 11    Int: 17    God:    Elyvilon [****..]
Gold:   2187       SH:  5    Dex:  8    Spells: 13/28 levels left

rFire   . .          .
                       - Unarmed
rCold   . . .        (shield currently unavailable)
rNeg    . . .        L - melded +2 robe {rF+}
rPois   .            (helmet currently unavailable)
rElec   .            O - melded +0 cloak
rCorr   .            (gloves unavailable)
SInv    .            (boots unavailable)
Will    ++...        W - amulet of reflection
Stlth   +            f - ring of willpower
HPRegen 0.53/turn    C - +4 ring of protection
MPRegen 0.19/turn

%: reflection
@: about to teleport, snake-form, hasted, very quick
A: constrict, boosted hp, large, unfitting armour, (tough skin 1)
a: Begin Untransformation, Renounce Religion, Purification, Heal Other, Heal
Self


You were on level 1 of the Swamp.
You worshipped Elyvilon.
Elyvilon was greatly pleased with you.
You were an enormous anaconda.
You visited 6 branches of the dungeon, and saw 23 of its levels.
You also visited: Sewer, Bailey and Volcano.

You collected 2397 gold pieces.
You spent 210 gold pieces at shops.

Inventory:

Hand Weapons
 t - the +9 orcbow of Rib Orpheyt {antimagic, Will+ Dex+2 Stlth+}
   (You found it on level 2 of the Lair of Beasts)

   Dex+2:     It affects your dexterity (+2).
   Will+:     It increases your willpower.
   Stlth+:    It makes you more stealthy.
Missiles
 h - 4 throwing nets
 k - 128 stones
 n - 4 silver javelins
 A - 6 curare-tipped darts
 K - 11 boomerangs
 R - 19 poisoned darts
 Y - 21 large rocks
Armour
 b - a +0 troll leather armour
 q - an orb of light
 L - a +2 robe of fire resistance (melded)
 O - a +0 cloak (melded)
Magical Staves
 i - a staff of cold
 x - a staff of air
Jewellery
 f - a ring of willpower (left hand)
 j - a ring of wizardry
 m - a ring of ice
 w - a ring of magical power
 C - a +4 ring of protection (right hand)
 W - an amulet of reflection (around neck)
Talismans
 c - a beast talisman
 d - a flux talisman
 s - a serpent talisman (active)
 D - a blade talisman
Wands
 r - a wand of iceblast (3)
 B - a wand of flame (23)
 H - a wand of mindburst (3)
 U - a wand of charming (13)
Scrolls
 g - 2 scrolls of revelation
 l - 4 scrolls of fog
 v - 7 scrolls of poison
 z - a scroll of identify
 E - a scroll of butterflies
 G - 5 scrolls of vulnerability
 I - 3 scrolls of silence
 N - 6 scrolls of enchant armour
 P - a scroll of amnesia
 S - a scroll of immolation
Potions
 a - 3 potions of attraction
 e - a potion of mutation
 o - 7 potions of brilliance
 p - 2 potions of ambrosia
 u - a potion of invisibility
 F - a potion of curing
 J - 2 potions of enlightenment
 M - 2 potions of haste
 T - 3 potions of lignification
 V - 2 potions of cancellation
 X - a potion of heal wounds


   Skills:
 + Level 15.7 Fighting
 - Level 2.0 Throwing
 + Level 6.3 Dodging
 - Level 1.0 Stealth
 + Level 11.5 Unarmed Combat
 - Level 7.0 Spellcasting
 - Level 5.0 Translocations
 - Level 5.0 Ice Magic
 - Level 6.0 Poison Magic
 + Level 11.6 Invocations
 - Level 2.0 Evocations
 - Level 13.1 Shapeshifting


You had 13 spell levels left.
You knew the following spells:

 Your Spells              Type           Power      Damage    Failure   Level
a - Blink                 Tloc           44%        N/A       2%          2
b - Summon Small Mammal   Summ           20%        N/A       12%         1
c - Apportation           Tloc           44%        N/A       1%          1
d - Passage of Golubria   Tloc           22%        N/A       14%         4
e - Olgreb's Toxic Radia  Pois           26%        N/A       10%         4
f - Ozocubu's Armour      Ice            22%        N/A       4%          3

Your spell library contained the following spells:

 Spells                   Type           Power      Damage    Failure   Level
 Lesser Beckoning         Tloc           44%        N/A       2%          2
 Sting                    Tmut/Pois      64%        1d6       3%          1
 Poisonous Vapours        Pois/Air       32%        N/A       4%          2
 Momentum Strike          Conj/Tloc      28%        3d8       6%          2
 Necrotise                Necr           20%        1d5       12%         1
 Sandblast                Erth           10%        2d5       12%         1
 Passwall                 Tmut/Erth      4%         N/A       17%         2
 Sublimation of Blood     Necr           5%         N/A       17%         2
 Stone Arrow              Conj/Erth      10%        3d7       34%         3
 Summon Ice Beast         Ice/Summ       14%        N/A       38%         4
 Alistair's Intoxication  Tmut/Pois      10%        N/A       67%         5
 Animate Armour           Summ/Erth      10%        N/A       75%         4
 Brom's Barrelling Bould  Conj/Erth      5%         2d3       75%         4
 Leda's Liquefaction      Hex/Erth       2%         N/A       75%         4
 Petrify                  Tmut/Erth      5%         N/A       75%         4
 Summon Lightning Spire   Summ/Air       5%         N/A       75%         4
 Borgnjor's Vile Clutch   Necr/Erth      2%         N/A       97%         5
 Irradiate                Conj/Tmut      2%         3d12      97%         5
 Lee's Rapid Deconstruct  Erth           2%         3d5*      97%         5
 Silence                  Hex/Air        2%         N/A       97%         5
 Summon Mana Viper        Hex/Summ       5%         N/A       97%         5
 Eringya's Noxious Bog    Tmut/Pois      8%         4d6       99%         6
 Leda's Unmaking          Conj/Erth      2%         9d1       100%        6
 Monstrous Menagerie      Summ           2%         N/A       100%        7
 Ozocubu's Refrigeration  Ice            11%        4d9       100%        7
 Lehudib's Crystal Spear  Conj/Erth      2%         10d2      100%        8


Dungeon Overview and Level Annotations

Branches:
Dungeon (13/15)            Temple (1/1) D:5            Lair (5/5) D:11
  Swamp (1/4) Lair:3        Snake (1/4) Lair:3        Slime (0/5) Lair:4
    Orc (2/2) D:11            Elf (0/3) Orc:2        Vaults (0/5) D:13
  Sewer (visited)          Bailey (visited)         Volcano (visited)

Altars:
Ashenzari
Cheibriados
Dithmenos
Elyvilon
Fedhas
Gozag
Hepliaklqana
Kikubaaqudgha
Makhleb
Nemelex Xobeh
Okawaru
Qazlal
Ru
Sif Muna
Trog
Uskayaw
Vehumet
Wu Jian
Xom
Yredelemnul
Zin
The Shining One
Jiyva

Shops:
D:2 :   D:5 !   D:7 :   D:12 ?   Orc:2 (:!=

Annotations:
Lair:4 exclusion: oklob plant


Innate Abilities, Weirdness & Mutations

You are an enormous anaconda.
You have a powerful constriction melee attack.
Your maximum health is increased.
Your armour is entirely melded.
You are incapable of wielding weapons or throwing items.
You are too large for most types of armour.
((You have tough skin. (AC +1)))


Message History

You feel strangely unstable.
You are engulfed in noxious fumes.
The bog body touches you but does no damage.
Casting: Ozocubu's Armour (mildly dangerous; 4% risk of failure)
Confirm with . or Enter, or press ? or * to list all spells.
Okay, then.
You hit the bog body. You grab the bog body.
The bog body is lightly damaged.
You are engulfed in noxious fumes.
You constrict the bog body. The swamp drake barely misses you.
Unknown command.
Okay, then.
You lash the bog body!
The bog body is heavily damaged.
You are engulfed in noxious fumes.
You choke on the stench!
You are confused.
You constrict the bog body.
The fenstrider witch hits your butterfly!!
Elyvilon protects your butterfly from harm!
The fenstrider witch kicks your butterfly!
Your butterfly dies!
Your butterfly disappears in a burst of colours!
The bog body points at you and mumbles some strange words.
The bolt of cold hits you!
* * * LOW HITPOINT WARNING * * *
The bog body points at you and mumbles some strange words.
The bolt of cold misses you.
You closely miss the swamp drake.
You are engulfed in noxious fumes.
You constrict the bog body.
The swamp drake bites you but does no damage.
The fenstrider witch misses your butterfly.
The fenstrider witch completely misses your butterfly.
The tyrant leech is engulfed in noxious fumes.
The tyrant leech appears confused.
The tyrant leech misses you. The bog body casts a spell at you.
The bolt of cold hits you!!
* * * LOW HITPOINT WARNING * * *
You feel better.
You are engulfed in noxious fumes.
You constrict the bog body. The bog body casts a spell at you.
The bolt of cold hits you!!!
You die...

♣♣ ♣♣♣ ♣~♣♣♣♣♣♣.♣♣♣
♣~>.$♣♣.~~.♣♣
.♣♣♣♣.°°°~~~.~......♣
..n...°Snb.~.~♣♣..♣♣♣
.~~♣♣.°wk>bb.~~~.♣♣
~§~♣b~~.~~.b.~♣
♣~...w..b~~~.~~.
♣♣.~~~bb~~♣~~~~♣
♣§~.♣.~.H.§.♣.♣ ♣
♣♣§.~.~~b~~.. ♣ ♣♣~
♣♣~~~.w~~.~~.. .~.♣♣
.~~.~..?♣~~


You could see a fenstrider witch, 2 tyrant leeches, 2 bog bodies, a swamp worm
and a swamp drake.

Vanquished Creatures
  The ghost of Okey the Cleaver, a journeyman DDFi of Okawaru (Lair:4)
  A crystal guardian (D:13)
  Josephine (D:10)
  2 hydras (Lair:5)
  6 catoblepae
  2 ogre magi (Orc:2)
  A centaur warrior (D:13)
  3 boulder beetles
  An anaconda (Lair:3)
  11 two-headed ogres
  15 death yaks
  A dancing weapon (Lair:4)
  A naga sharpshooter (Snake:1)
  Sonja (Orc:1)
  A skyshark (Lair:3)
  2 skeletal warriors
  A goliath frog (Swamp:1)
  2 bog bodies
  2 deep trolls
  5 orc knights
  A lindwurm (Lair:5)
  5 cyclopes
  A salamander (Lair:3)
  2 ugly things
  3 manticores
  An alligator skeleton (Volcano)
  6 black mambas
  3 elephants
  2 torpor snails
  Maurice (D:9)
  7 cane toads
  6 gargoyles
  4 centaur skeletons (D:13)
  An unseen horror (D:12)
  3 rime drakes
  A tengu conjurer (D:13)
  7 komodo dragons
  5 yaktaurs (D:13)
  4 polar bears
  16 trolls
  Grinder (D:6)
  A hornet (Swamp:1)
  14 blink frogs
  16 dream sheep
  Sigmund (D:2)
  3 vampires
  3 flying skulls (Volcano)
  32 yaks
  2 shadows
  7 wraiths
  6 basilisks
  A spriggan (Swamp:1)
  9 wyverns
  4 steam dragons
  A naga (Snake:1)
  3 wargs (Orc:2)
  2 hell hounds (Lair:1)
  9 water moccasins
  Duvessa (D:7)
  3 ice beasts
  Pargi (Sewer)
  23 orc warriors
  4 sky beasts
  2 black bears
  6 wolves
  22 ogres
  11 centaurs
  4 kobold brigands
  15 bullfrogs
  4 scorpions
  4 wights (D:8)
  Dowan (D:7)
  2 troll skeletons (Volcano)
  3 howler monkeys
  3 electric eels
  3 lava snakes (Lair:3)
  A crimson imp (D:6)
  10 jellies
  5 hounds
  20 orc priests
  4 iguanas
  19 orc wizards
  A naga skeleton (Volcano)
  8 adders
  A shadow imp (D:6)
  3 white imps
  An ufetubus (D:6)
  2 worms (D:2)
  A dart slug (D:2)
  81 orcs
  2 ball pythons (D:1)
  6 endoplasms
  7 giant cockroaches
  4 hobgoblins
  4 jackals (D:4)
  3 quokkas
  7 bats
  2 frilled lizards
  10 goblins
  19 kobolds
  8 rats
595 creatures vanquished.

Vanquished Creatures (others)
  An elephant (Lair:5)
  A harpy skeleton (Volcano)
  A dream sheep (Lair:4)
  A swamp worm (Swamp:1)
  A centaur (D:13)
  An orc (D:8)
6 creatures vanquished.

Grand Total: 601 creatures vanquished

Notes
Turn   | Place    | Note
-------+----------+-------------------------------------------
     0 | D:1      | jt the Ogre Shapeshifter began the quest for the Orb.
     0 | D:1      | Reached XP level 1. HP: 19/19 MP: 1/1
   126 | D:1      | Reached skill level 1 in Stealth
   302 | D:1      | Reached XP level 2. HP: 23/27 MP: 2/2
   789 | D:2      | Found a faded altar of an unknown god.
   801 | D:2      | Prayed at the altar of an unknown god.
   822 | D:2      | Noticed Sigmund
   829 | D:2      | Reached skill level 2 in Fighting
   829 | D:2      | Reached XP level 3. HP: 30/35 MP: 3/3
   843 | D:2      | Killed Sigmund
   844 | D:2      | Reached skill level 3 in Fighting
   844 | D:2      | Reached XP level 4. HP: 40/45 MP: 4/4
   844 | D:2      | Reached XP level 5. HP: 48/53 MP: 5/5
   962 | D:2      | Found Ditifuk's Book Emporium.
   969 | D:2      | Reached XP level 6. HP: 33/62 MP: 6/6
  1523 | D:3      | Learned a level 2 spell: Blink
  2019 | D:4      | Reached skill level 1 in Evocations
  2189 | D:4      | Learned a level 1 spell: Summon Small Mammal
  2616 | D:4      | Noticed a black bear
  2621 | D:4      | Killed a black bear
  2622 | D:4      | Reached XP level 7. HP: 68/68 MP: 7/7
  2640 | D:4      | Reached skill level 5 in Shapeshifting
  3161 | D:5      | Entered Level 5 of the Dungeon
  3161 | D:5      | Found Ysuengudd's Distillery.
  3210 | D:5      | Bought a potion of curing for 45 gold pieces
  3210 | D:5      | Bought a potion of heal wounds for 75 gold pieces
  3292 | D:5      | Found a glowing drain.
  3307 | Sewer    | Entered a sewer
  3333 | Sewer    | Noticed Pargi
  3351 | Sewer    | Killed Pargi
  3567 | D:5      | Found a white marble altar of Elyvilon.
  3630 | D:5      | Became a worshipper of Elyvilon the Healer
  3773 | D:5      | Reached XP level 8. HP: 62/78 MP: 8/8
  4027 | D:5      | Found a staircase to the Ecumenical Temple.
  4045 | Temple   | Entered the Ecumenical Temple
  4056 | D:5      | Reached skill level 4 in Fighting
  4160 | D:5      | Reached * piety under Elyvilon
  4302 | D:6      | Reached skill level 5 in Fighting
  4591 | D:6      | Noticed a wyvern
  4694 | D:6      | Killed a wyvern
  4695 | D:6      | Reached skill level 6 in Fighting
  4695 | D:6      | Reached skill level 5 in Unarmed Combat
  4695 | D:6      | Reached XP level 9. HP: 13/89 MP: 9/9
  4938 | D:6      | Found a broken altar of Ashenzari.
  5011 | D:6      | Reached skill level 1 in Throwing
  5194 | D:6      | Found a burning altar of Makhleb.
  5226 | D:6      | Found a radiant altar of Vehumet.
  5669 | D:6      | Found a bloodstained altar of Trog.
  5904 | D:6      | Noticed Grinder
  5913 | D:6      | Killed Grinder
  5914 | D:6      | Reached skill level 7 in Fighting
  5975 | D:6      | Reached ** piety under Elyvilon
  6015 | D:6      | Found an ornate altar of the Wu Jian Council.
  6016 | D:6      | Found an ancient bone altar of Kikubaaqudgha.
  6601 | D:7      | Noticed Duvessa
  6616 | D:7      | Killed Duvessa
  6617 | D:7      | Reached skill level 8 in Fighting
  6629 | D:7      | Noticed Dowan
  6732 | D:7      | Killed Dowan
  6821 | D:7      | Found a hazy altar of Hepliaklqana.
  6970 | D:7      | Found Suapey's Self-Improvement Boutique.
  7406 | D:8      | Reached *** piety under Elyvilon
  7425 | D:8      | Reached XP level 10. HP: 95/104 MP: 10/10
  7687 | D:8      | Reached skill level 10 in Shapeshifting
  8570 | D:9      | Found a flagged portal.
  8586 | D:9      | Learned a level 1 spell: Apportation
  8593 | Bailey   | Entered a bailey
  8671 | Bailey   | Reached **** piety under Elyvilon
  8789 | Bailey   | Reached skill level 1 in Spellcasting
  8789 | Bailey   | Reached skill level 1 in Translocations
  9016 | Bailey   | Identified the +0 pair of boots "Kupug" {Stlth+}
  9036 | Bailey   | Noticed an orc knight
  9056 | Bailey   | Killed an orc knight
  9339 | D:9      | Noticed Maurice
  9347 | D:9      | Maurice stole a serpent talisman
  9348 | D:9      | Maurice stole a staff of air
  9349 | D:9      | Killed Maurice
  9457 | D:9      | You fall into a shaft and drop 1 floor!
  9457 | D:10     | Entered Level 10 of the Dungeon
  9700 | D:9      | Reached skill level 5 in Invocations
 10288 | D:10     | Noticed a two-headed ogre
 10294 | D:10     | Killed a two-headed ogre
 10295 | D:10     | Reached XP level 11. HP: 63/113 MP: 14/17
 10802 | D:10     | Noticed a centaur warrior
 10892 | D:10     | Reached skill level 5 in Spellcasting
 11002 | D:10     | Found a glowing silver altar of Zin.
 11063 | D:10     | Noticed a death knight
 11063 | D:10     | Noticed a deep elf pyromancer
 11064 | D:10     | Noticed a centaur warrior
 11065 | D:10     | Noticed an eight-headed hydra
 11065 | D:10     | Noticed a seven-headed hydra
 11074 | D:10     | Noticed a boulder beetle
 11074 | D:10     | Noticed a cyclops
 11198 | D:10     | Reached skill level 5 in Translocations
 11341 | D:10     | Found a sparkling altar of Nemelex Xobeh.
 11341 | D:10     | Reached ***** piety under Elyvilon
 11401 | D:10     | Noticed Josephine
 11506 | D:10     | Killed Josephine
 12036 | D:11     | Found a staircase to the Orcish Mines.
 12149 | D:11     | Noticed a two-headed ogre
 12157 | D:11     | Killed a two-headed ogre
 12354 | D:11     | Noticed a boulder beetle
 12368 | D:11     | Killed a boulder beetle
 12629 | D:11     | Found a staircase to the Lair.
 12660 | D:11     | Noticed a manticore
 12669 | D:11     | Killed a manticore
 12928 | D:12     | Noticed a cyclops
 12934 | D:12     | Noticed a white ugly thing
 12949 | D:11     | Killed a white ugly thing
 12950 | D:11     | Reached XP level 12. HP: 97/122 MP: 21/21
 13073 | D:12     | Found Masac's Magic Scroll Boutique.
 13344 | D:12     | Bought a scroll of blinking for 90 gold pieces
 13448 | D:12     | Reached skill level 9 in Fighting
 13647 | D:12     | Noticed a boulder beetle
 13665 | D:12     | Killed a boulder beetle
 14397 | Lair:1   | Entered Level 1 of the Lair of Beasts
 14489 | Lair:1   | Reached skill level 10 in Fighting
 14721 | Lair:1   | Found a dark tunnel.
 14754 | Lair:1   | Learned a level 4 spell: Passage of Golubria
 14812 | Volcano  | Entered a volcano
 16615 | Lair:1   | Reached skill level 11 in Fighting
 16818 | Lair:1   | Reached XP level 13. HP: 137/137 MP: 18/22
 17430 | Lair:2   | Identified the +9 orcbow of Rib Orpheyt {antimagic, Will+
                  | Dex+2 Stlth+}
 18459 | Lair:3   | Found a staircase to the Swamp.
 18754 | Lair:3   | Reached skill level 5 in Dodging
 18880 | Lair:3   | Found a staircase to the Snake Pit.
 18900 | Lair:3   | Reached skill level 12 in Fighting
 19496 | Lair:4   | Found a viscous altar of Jiyva.
 19521 | Lair:4   | Found a staircase to the Slime Pits.
 20342 | Lair:4   | Found a runed translucent door.
 20342 | Lair:4   | Found a shimmering altar of Xom.
 20342 | Lair:4   | Noticed Okey's ghost (journeyman DDFi)
 20921 | Lair:5   | Entered Level 5 of the Lair of Beasts
 21300 | Lair:5   | Reached skill level 13 in Fighting
 21531 | Lair:5   | Reached XP level 14. HP: 153/153 MP: 23/23
 21545 | Lair:5   | Found an opulent altar of Gozag.
 21873 | Lair:5   | Reached skill level 10 in Unarmed Combat
 22143 | Orc:1    | Entered Level 1 of the Orcish Mines
 22246 | Orc:2    | Entered Level 2 of the Orcish Mines
 22341 | Orc:2    | Found a staircase to the Elven Halls.
 22365 | Orc:1    | Noticed Sonja
 23024 | Lair:4   | Reached skill level 14 in Fighting
 23285 | Lair:4   | Reached skill level 10 in Invocations
 24988 | Lair:5   | Reached skill level 15 in Fighting
 25434 | Lair:4   | Killed Okey's ghost
 25437 | Lair:4   | Identified the +1 helmet of Distant Shores {rF++ Str+2}
 25947 | Orc:1    | Reached XP level 15. HP: 147/167 MP: 24/24
 26058 | Orc:2    | Reached skill level 1 in Poison Magic
 26137 | Orc:1    | Learned a level 4 spell: Olgreb's Toxic Radiance
 26796 | Orc:2    | Reached skill level 5 in Poison Magic
 27253 | Orc:2    | Found Wucatuas's Jewellery Emporium.
 27257 | Orc:2    | Found Istrieqi's Book Emporium.
 27260 | Orc:2    | Found Hungeejo's Weapon Shop.
 27270 | Orc:2    | Found Baclorr's Distillery.
 27670 | D:13     | Identified the +7 mace "Koemoyd" {distort, rElec}
 27897 | D:13     | Learned a level 3 spell: Ozocubu's Armour
 27944 | D:13     | Reached skill level 1 in Ice Magic
 27969 | D:13     | Found the +10 dark maul {heavy}
 28215 | D:13     | Reached ****** piety under Elyvilon
 29019 | D:13     | Found a gate to the Vaults.
 29265 | Orc:1    | Killed Sonja
 29804 | Orc:1    | Reached skill level 5 in Ice Magic
 30425 | Snake:1  | Entered Level 1 of the Snake Pit
 30692 | Snake:1  | HP: 10/208 [naga sharpshooter/arrow (13)]
 31093 | Swamp:1  | Entered Level 1 of the Swamp
 31095 | Swamp:1  | Noticed a fenstrider witch
 31103 | Swamp:1  | Paralysed by a fenstrider witch for 5 turns
 31104 | Swamp:1  | HP: 4/200 [swamp worm/harpoon shot (15)]
 31106 | Swamp:1  | Elyvilon protects you from harm!
 31107 | Swamp:1  | HP: 1/200 [poisoned by a fenstrider witch (toxic sludge)]
 31107 | Swamp:1  | Elyvilon protects you from harm!
 31107 | Swamp:1  | Elyvilon protects you from harm!
 31154 | Swamp:1  | Killed from afar by a bog body

Illustrated notes

Levels and vault maps discovered:
D:1:      minmay_arrival_nine_rooms, layout_basic
D:2:      layout_rooms, ebering_ecumenical_altar_webs, serial_shops,
          nicolae_book_shop_shelving, uniq_sigmund
D:3:      layout_basic, minmay_misc_feat_nine_boxes
D:4:      layout_basic
D:5:      layout_rooms, elyvilon_altar_4, minmay_temple_entry_hall,
          portal_sewer_entry_d, serial_corexii_hall, corexii_hall_statues_x,
          chequers_hall_statues_y, hangedman_decor_points, corexii_checkpoint_a,
          nicolae_stop_n_shop_1, hangedman_decor_diamond_cutter
D:6:      layout_basic, grunt_temple_overflow_lords_of_destruction,
          marbit_many_paths, gammafunk_temple_overflow_forgotten,
          minmay_pentangle, uniq_grinder
D:7:      layout_basic, lemuel_coloured_pillars_altar, nicolae_shop_self_help,
          uniq_duvessa
D:8:      layout_basic, hangedman_glass_teeth, minmay_misc_feat_chi
D:9:      layout_irregular_city, enter_bailey_4,
          hangedman_abyss_or_decor_stagger, nicolae_fountain_basement,
          uniq_maurice
D:10:     layout_loops_ring, mainiacjoe_overflow_boulevard,
          mainiacjoe_overflow_alcove_4, minivault_12, uniq_josephine
D:11:     layout_roguey, lair_entry_dummy, erik_orc_2, st_stairs_7
D:12:     layout_small_grid, serial_shops, shop
D:13:     minmay_roctagon, layout_long_grid,
          hangedman_vaults_entry_quadrant_bands
Temple:   nicolae_temple_no_exploring_needed
Lair:1:   layout_gridlike, enter_volcano_3
Lair:2:   layout_hall_layers, infiniplex_staircase_pool
Lair:3:   layout_cave_pods, skrybe_swamp_entry_bodies,
          nicolae_snake_entry_warm_welcome
Lair:4:   layout_hall_layers, nicolae_slime_entry_slimehenge, ebering_ghost_xom,
          minivault_11, st_stairs_6, minmay_lair_oklob_bushes,
          serial_bayou_pond_e
Lair:5:   evilmike_catoblepas_cave, layout_long_grid, basic_altar,
          nicolae_quartered_pool_super, small_statue_intersection,
          grunt_megastairs_5, lemuel_fruit_tree, serial_bayou_shore_b
Swamp:1:  layout_falls_marsh, evilmike_swamp_ruin_house_5,
          nicolae_swamp_orc_logging_accident
Snake:1:  layout_misc_corridors, basic_altar, minmay_shop_grove
Orc:1:    layout_caves, uniq_sonja
Orc:2:    st_orc_open, layout_diamond_mine, basic_altar

Skill      XL: |  1  2  3  4  5  6  7  8  9 10 11 12 13 14 15 |
---------------+----------------------------------------------+-----
Stealth        | 1 |  1.0
Dodging        | 2 3 4 6 |  6.3
Fighting       | 2 3 6 8 11 13 15 | 15.7
Unarmed Combat | 3 5 6 8 9 11 | 11.5
Evocations     | 2 |  2.0
Shapeshifting  | 4 6 7 9 10 12 13 | 13.1
Throwing       | 2 |  2.0
Spellcasting   | 4 6 7 |  7.0
Translocations | 3 5 |  5.0
Invocations    | 5 6 8 11 | 11.6
Poison Magic   | 6 |  6.0
Ice Magic      | 5 |  5.0

Action                     |  1- 3 |  4- 6 |  7- 9 | 10-12 | 13-15 || total
---------------------------+-------+-------+-------+-------+-------++-------
  Melee: Unarmed           |    77 |   109 |   247 |   671 |   886 ||  1990
         Punch             |     1 |     4 |     4 |    12 |     1 ||    22
         Constrict         |       |       |     8 |    91 |   177 ||   276
  Throw: Stone             |       |    15 |     4 |     2 |       ||    21
         Javelin           |       |     3 |    40 |     5 |       ||    48
         Boomerang         |       |       |     4 |       |       ||     4
         Large rock        |       |       |       |     1 |       ||     1
   Cast: Summon Small Mamm |       |       |       |     1 |     1 ||     2
         Apportation       |       |       |       |     2 |     8 ||    10
         Blink             |       |       |       |       |     1 ||     1
         Olgreb's Toxic Ra |       |       |       |       |    31 ||    31
         Ozocubu's Armour  |       |       |       |       |     2 ||     2
 Invoke: Heal Self         |       |       |       |     3 |     8 ||    11
         Heal Other        |       |       |       |     3 |    20 ||    23
         Purification      |       |       |       |     1 |     1 ||     2
         Divine Vigour     |       |       |       |       |     1 ||     1
  Evoke: Wand              |       |     2 |     5 |     8 |    13 ||    28
    Use: Potion            |     2 |     1 |     5 |     8 |    13 ||    29
         Scroll            |       |       |     5 |    11 |    14 ||    30
   Stab: Sleeping          |       |       |     1 |     1 |     1 ||     3
         Petrified         |       |       |       |       |     6 ||     6
 Armour: Animal skin       |    30 |    50 |   166 |       |       ||   246
         Skin              |       |     8 |    42 |   409 |   750 ||  1209
         Robe              |       |       |       |   113 |    28 ||   141
  Dodge: Dodged            |    30 |    42 |   115 |   242 |   376 ||   805
  Block: Other             |       |       |       |    30 |   194 ||   224
         Reflection        |       |       |       |     1 |     9 ||    10
   Form: Anaconda          |       |       |     1 |     2 |     3 ||     6
         Beast             |       |       |       |     3 |       ||     3
         Flux              |       |       |       |     1 |     1 ||     2
         Blade             |       |       |       |       |     3 ||     3

Table legend: (Time is in decaauts)
 A = Elapsed time spent in this place.
 B = Non-inter-level travel time spent in this place.
 C = Inter-level travel time spent in this place.
 D = Time resting spent in this place.
 E = Time spent auto-exploring this place.
 F = Levels seen in this place.
 G = Mean time per level.
                   A        B        C        D        E       F      G
               +--------+--------+--------+--------+--------+-----+--------+
         Total |  30978 |  29378 |   1600 |  11719 |  10407 |  26 | 1191.5 |
       Dungeon |  15350 |  14542 |    808 |   4428 |   6425 |  13 | 1180.8 |
        Temple |      1 |      1 |      0 |      0 |      0 |   1 |    1.0 |
          Lair |   9615 |   9008 |    607 |   3876 |   3164 |   5 | 1923.0 |
         Swamp |     46 |     46 |      0 |      0 |      0 |   1 |   46.0 |
     Snake Pit |    147 |    147 |      0 |     78 |      1 |   1 |  147.0 |
  Orcish Mines |   3462 |   3279 |    183 |   1812 |    733 |   2 | 1731.0 |
         Sewer |    261 |    261 |      0 |    165 |      0 |   1 |  261.0 |
        Bailey |    705 |    705 |      0 |    331 |     74 |   1 |  705.0 |
       Volcano |   1388 |   1388 |      0 |   1027 |     10 |   1 | 1388.0 |
               +--------+--------+--------+--------+--------+-----+--------+

Top non-repeatable levels by time:
  Lair:4: 2906 daAuts
  Lair:5: 2432 daAuts
     D:6: 2388 daAuts
  Lair:3: 2093 daAuts
    D:11: 1912 daAuts
   Orc:1: 1746 daAuts
   Orc:2: 1716 daAuts
  Lair:1: 1648 daAuts
    D:13: 1457 daAuts
 Volcano: 1388 daAuts
     D:9: 1290 daAuts
     D:8: 1289 daAuts
     D:4: 1256 daAuts
    D:12: 1169 daAuts
    D:10: 1057 daAuts
